 Dungeon Crawl Stone Soup version 0.27-a0-1137-g3ef0f4ec91 (webtiles) character file.

Game seed: 8455668847693270562

355 Zeld the Shield-Bearer (level 6, -1/44 HPs)
             Began as an Octopode Fighter on May 6, 2021.
             Slain by a kobold
             ... wielding a +0 whip
              (2 damage)
             ... in a sewer.
             The game lasted 00:03:25 (3086 turns).

Zeld the Shield-Bearer (Octopode Fighter)           Turns: 3086, Time: 00:03:26

Health: -1/44      AC:  1    Str: 17    XL:     6   Next: 63%
Magic:  6/6        EV: 11    Int: 10    God:
Gold:   158        SH:  9    Dex: 12    Spells: 5/5 levels left

rFire    . . .     SeeInvis .   a - +0 war axe
rCold    . . .     Faith    .   b - +0 kite shield
rNeg     . . .     Spirit   .   (helmet restricted)
rPois    .         Reflect  .   (no amulet)
rElec    .         Harm     .   (no ring)
rCorr    .         Rampage  .   (no ring)
Will     .....                  (no ring)
Stlth    ++........             (no ring)
HPRegen  0.14/turn              (no ring)
MPRegen  0.10/turn              (no ring)
                                (no ring)
                                (no ring)

@: no status effects
A: almost no armour, amphibious, 8 rings, camouflage 1, gelatinous body 1,
(nimble swimmer 1), tentacles
a: no special abilities


You were in a sewer.
You visited 1 branch of the dungeon, and saw 3 of its levels.
You also visited: Sewer.

You collected 158 gold pieces.

Inventory:

Hand Weapons
 a - a +0 war axe (weapon)
Missiles
 h - 18 poisoned darts (quivered)
Armour
 b - a +0 kite shield (worn)
Wands
 g - a wand of acid (11)
Scrolls
 d - a scroll of enchant armour {unknown}
 e - 4 scrolls of identify {unknown}
 f - a scroll of acquirement {unknown}
Potions
 c - a potion of haste {unknown}


   Skills:
 - Level 4.5 Fighting
 - Level 3.8 Axes
 * Level 2.4 Throwing
 - Level 3.0 Dodging
 - Level 4.5 Shields


You had 5 spell levels left.
You didn't know any spells.
Your spell library contained the following spells:

 Spells                   Type           Power      Damage    Failure   Level
 Corona                   Hex            0%         N/A       82%         1
 Ensorcelled Hibernation  Hex/Ice        0%         N/A       91%         2
 Confusing Touch          Hex            0%         N/A       99%         3
 Dazzling Flash           Conj/Hex       0%         N/A       99%         3
 Tukima's Dance           Hex            0%         N/A       99%         3


Dungeon Overview and Level Annotations

Branches:
Dungeon (3/15)              Sewer (1/1)

Altars:


Innate Abilities, Weirdness & Mutations

You cannot wear most types of armour.
You are amphibious.
You can wear up to eight rings at the same time.
Your skin changes colour to match your surroundings (Stealth+).
Your rubbery body absorbs attacks. (AC +1, EV +1)
((You are camouflaged near water. (Stealth+)))
You have tentacles for arms and can constrict up to eight enemies at once.


Message History

The kobold wields a +0 hand crossbow.
The kobold shoots a bolt.
The bolt hits you! You block the kobold brigand's attack.
You closely miss the kobold. Your grab misses the kobold.
You squeeze the kobold.
You kill the kobold!
You hit the kobold brigand.
You kill the kobold brigand!
Your Throwing skill increases to level 2!
You closely miss the kobold. Your grab misses the kobold.
The kobold hits you with a +2 dagger of freezing.
The kobold freezes you.
The kobold hits you with a +2 dagger of freezing.
The kobold freezes you.
You slash the kobold!
You kill the kobold!
The kobold throws a stone.
The stone hits you but does no damage.
The kobold shoots a bolt.
The bolt hits you!
You are too injured to fight recklessly!
You are too injured to fight recklessly!
You are too injured to fight recklessly!
You are too injured to fight recklessly!
The kobold hits you with a +0 dagger.
The kobold unwields a +0 hand crossbow.
The kobold wields a +0 whip.
You block the kobold's attack.
Items here: ( )) †.
You hit the kobold. You grab the kobold. You squeeze the kobold.
You kill the kobold!
You closely miss the kobold. The kobold hits you with a +0 whip.
* * * LOW HITPOINT WARNING * * *
The kobold hits you with a +0 whip.
* * * LOW HITPOINT WARNING * * *
You block the kobold's attack.
Things that are here:
a +0 dagger; 4 stones; a kobold corpse You barely miss the kobold.
Your grab misses the kobold. The kobold closely misses you.
Your shield prevents you from hitting the kobold.
Your grab misses the kobold. The kobold hits you with a +0 whip.
* * * LOW HITPOINT WARNING * * *
The kobold hits you with a +0 whip.
You die...

### #∩# ############ ##
#
#.###.≈...≈≈...##.###.#
....≈..≈≈≈≈≈≈≈.#.....#
≈≈≈≈≈≈≈≈≈≈≈≈≈≈.#.....#
≈≈≈≈≈≈≈≈≈≈≈≈≈≈.)@....#
≈≈≈≈≈≈≈≈≈≈≈≈≈≈)#K....#
.....≈≈≈.≈≈≈≈≈.#..≈..#
#####.≈≈≈≈≈≈≈..#.≈≈≈.#
##≈#########..≈.## #≈#
##..## #≈# ### #≈# #≈#


You could see a kobold.

Vanquished Creatures
  Sigmund (D:2)
  A kobold brigand (Sewer)
  3 adders
  2 river rats (Sewer)
  A worm (D:2)
  4 dart slugs
  7 endoplasms
  3 giant cockroaches
  4 goblins
  3 hobgoblins
  13 jackals
  6 quokkas (D:1)
  4 ball pythons
  4 bats
  3 frilled lizards
  7 kobolds
  6 rats
72 creatures vanquished.

Notes
Turn   | Place    | Note
-------+----------+-------------------------------------------
     0 | D:1      | Zeld the Octopode Fighter began the quest for the Orb.
     0 | D:1      | Reached XP level 1. HP: 16/16 MP: 1/1
    23 | D:1      | Reached XP level 2. HP: 5/21 MP: 2/2
   431 | D:1      | Found a faded altar of an unknown god.
   454 | D:1      | Reached XP level 3. HP: 4/26 MP: 3/3
  1894 | D:2      | Reached XP level 4. HP: 32/33 MP: 4/4
  2228 | D:2      | Noticed Sigmund
  2398 | D:2      | Killed Sigmund
  2399 | D:2      | Reached XP level 5. HP: 15/38 MP: 5/5
  2399 | D:2      | Reached XP level 6. HP: 18/44 MP: 6/6
  2840 | D:3      | Found a glowing drain.
  2997 | Sewer    | Entered a sewer
  3006 | Sewer    | Reached skill level 1 in Throwing
  3086 | Sewer    | HP: 1/44 [kobold/+0 whip (4)]
  3086 | Sewer    | Slain by a kobold

Illustrated notes

Levels and vault maps discovered:
D:1:      dpeg_arrival_renting, layout_basic,
          ebering_ecumenical_altar_sacrificial, nrook_loot_triangle,
          minmay_tromino_mix6
D:2:      layout_rooms, uniq_sigmund
D:3:      layout_basic, amcnicky_altar_gilded, gup_sewer_entry_glass,
          minmay_statues_item, chequers_big_river, uniq_terence
Sewer:    sewer_kobolds

Skill      XL: |  1  2  3  4  5  6 |
---------------+-------------------+-----
Axes           | 3 |  3.8
Fighting       | 4 |  4.5
Shields        | 4 |  4.5
Throwing       | 2 |  2.4
Dodging        | |  3.0

Action                   |  1- 3 |  4- 6 || total
-------------------------+-------+-------++-------
Melee: War axe           |    66 |    62 ||   128
       Constrict         |    19 |    23 ||    42
       Tentacles         |    12 |    12 ||    24
  Use: Potion            |       |     1 ||     1
 Stab: Sleeping          |     7 |     2 ||     9
Armor: Skin              |     4 |     5 ||     9
Dodge: Dodged            |    28 |    22 ||    50
Block: Kite shield       |    33 |    24 ||    57

Table legend: (Time is in decaauts)
 A = Elapsed time spent in this place.
 B = Non-inter-level travel time spent in this place.
 C = Inter-level travel time spent in this place.
 D = Time resting spent in this place.
 E = Time spent auto-exploring this place.
 F = Levels seen in this place.
 G = Mean time per level.
                   A        B        C        D        E       F      G
               +--------+--------+--------+--------+--------+-----+--------+
         Total |   3159 |   3124 |     35 |    417 |   2216 |   4 |  789.8 |
       Dungeon |   3060 |   3025 |     35 |    417 |   2157 |   3 | 1020.0 |
         Sewer |     98 |     98 |      0 |      0 |     59 |   1 |   98.0 |
               +--------+--------+--------+--------+--------+-----+--------+

Top non-repeatable levels by time:
     D:1: 1867 daAuts
     D:2: 940 daAuts
     D:3: 253 daAuts
   Sewer: 98 daAuts
